 Dungeon Crawl Stone Soup version 0.30.0-29-ga12c61a403 (webtiles) character file.

Game seed: 3983084506622003506

1493 RascalDebosk the Magician (level 9, -2/64 HPs)
             Began as a Djinni Conjurer on June 4, 2023.
             Slain by a centaur (3 damage)
             ... on level 8 of the Dungeon.
             The game lasted 00:25:43 (3532 turns).

RascalDebosk the Magician (Djinni Conjurer)         Turns: 3532, Time: 00:25:44

Health: -2/64      AC:  6    Str: 15    XL:     9   Next: 8%
Gold:   223        EV:  9    Int: 33    God:
                   SH:  0    Dex: 12

rFire   + . .        q - +0 lajatang (venom)
rCold   . . .        (shield currently unavailable)
rNeg    . . .        z - +0 scale mail
rPois   ∞            (no helmet)
rElec   .            y - scarf {+Inv}
rCorr   .            (no gloves)
SInv    .            (boots unavailable)
Will    .....        d - amulet of regeneration Stlth
                     b - +6 ring of intelligence
HPRegen 1.10/turn    i - ring "Xygh" {Ice Str+9 Int+3}
MPRegen 0.00/turn

%: infuse magic (-3 HP)
@: flying
A: sickness immunity, fire resistance 2, cold vulnerability 1, float, innate
caster, HP casting, extra vitality 1
a: Evoke Invisibility


You were on level 8 of the Dungeon.
You visited 1 branch of the dungeon, and saw 8 of its levels.

You collected 223 gold pieces.

Inventory:

Hand Weapons
 q - a +0 lajatang of venom (weapon)
 s - a +1 dagger of venom
Armour
 a - a +0 robe
 y - a scarf of invisibility (worn)
 z - a +0 scale mail (worn)
Jewellery
 b - a +6 ring of intelligence (left hand)
 d - an amulet of regeneration (around neck)
 i - the ring "Xygh" (right hand) {Ice Str+9 Int+3}
   (You found it on level 2 of the Dungeon)

   [ring of ice]

   It enhances your ice magic.
   Str:       It affects your strength (+9).
   Int:       It affects your intelligence (+3).
   rF:        It makes you vulnerable to fire.
   rC:        It protects you from cold.
 w - a ring of fire
 A - a ring of protection from fire
Wands
 j - a wand of polymorph (8)
 m - a wand of digging (7)
 x - a wand of paralysis (8)
Scrolls
 e - a scroll of teleportation {unknown}
 g - a scroll of fear {unknown}
 h - a scroll of amnesia {unknown}
 k - a scroll of enchant armour {unknown}
 l - a scroll of acquirement {unknown}
 p - 4 scrolls of identify {unknown}
 r - a scroll of poison {unknown}
 u - a scroll of torment {unknown}
Potions
 c - 2 potions of berserk rage {unknown}
 f - a potion of might {unknown}
 n - a potion of degeneration {unknown}
 o - a potion of curing {unknown}
 t - a potion of mutation {unknown}
 v - a potion of resistance


   Skills:
 + Level 4.8 Fighting
 - Level 2.1 Dodging
 - Level 1.5 Stealth
 * Level 7.2 Spellcasting
 - Level 4.0 Evocations


You knew the following spells:

 Your Spells              Type           Power      Damage    Failure   Level
a - Magic Dart            Conj           100%       1d8       1%          1
b - Searing Ray           Conj           100%       2d8       1%          2
c - Dazzling Flash        Conj/Hex       100%       N/A       2%          3
d - Fulminant Prism       Conj/Hex       28%        3d13      9%          4
e - Iskenderun's Mystic   Conj/Tloc      56%        2d12      9%          4
f - Kiss of Death         Conj/Necr      100%       2d13      1%          1
g - Static Discharge      Conj/Air       100%       2-7/arc   1%          2
h - Call Imp              Summ           100%       N/A       1%          2
i - Ozocubu's Armour      Ice            74%        N/A       2%          3
Your spell library was empty.

Dungeon Overview and Level Annotations

Branches:
Dungeon (9/15)
 Temple: D:4-7         Lair: D:8-11         Orc: D:9-12

Altars:
Cheibriados

Shops:
D:1 :


Innate Abilities, Weirdness & Mutations

You are immune to sickness and miasma.
You are immune to poison.
Your flesh is very heat resistant. (rF++)
You are vulnerable to cold. (rC-)
You float through the air rather than walking.
You learn spells naturally, not from books.
Your magical power is your life essence.
You have superior vitality. (+4 MHP)


Message History

The mystic blast hits the howler monkey!!
You kill the howler monkey!
The howler monkey howls!
Casting: Iskenderun's Mystic Blast (dangerous; 11% risk of failure)
Confirm with . or Enter, or press ? or * to list all spells.
Aiming: Fulminant Prism (dangerous; 11% risk of failure)
Press: ? - help, Dir - move target You conjure a prism of explosive energy!
A fulminant prism comes into view.
The howler monkey hoots and howls with incredible vigour!
You hear a shout! x3
You hear a shout!
The howler monkey hits your fulminant prism.
Your fulminant prism crackles loudly.
Your fulminant prism explodes!
The blast of energy engulfs the howler monkey!!
You kill the howler monkey!
The blast of energy engulfs the howler monkey!
The howler monkey is heavily wounded.
You have reached level 9!
Your experience leads to an increase in your attributes!
Your base attributes are Str 6, Int 22, Dex 12.
Increase (s)trength, (i)ntelligence, or (d)exterity?
You feel clever. x2
The power to cast Ozocubu's Armour wells up from within.
Spell assigned to 'i'.
Casting: Fulminant Prism (dangerous; 9% risk of failure)
Confirm with . or Enter, or press ? or * to list all spells.
You erupt in a blast of force!
The mystic blast hits the howler monkey!
You kill the howler monkey!
You hear two shouts!
You start resting.
A centaur comes into view.
An orc comes into view. It is wielding a +0 short sword.
The orc shouts!
The centaur wields a +0 shortbow.
The centaur shoots an arrow.
The arrow hits you!
An orc wizard comes into view. It is wielding a +0 dagger.
An orc comes into view. It is wielding a +0 flail.
The orc shouts!
An orc wizard comes into view. It is wielding a +0 dagger.
Casting: Iskenderun's Mystic Blast (dangerous; 9% risk of failure)
Confirm with . or Enter, or press ? or * to list all spells.
Aiming: Fulminant Prism (dangerous; 9% risk of failure)
Press: ? - help, Dir - move target You conjure a prism of explosive energy!
The orc wizard shouts!
A fulminant prism comes into view.
The orc wizard casts a spell.
The orc wizard flickers and vanishes!
Deactivating autopickup; reactivate with Ctrl-A.
A two-headed ogre comes into view. It is wielding two +0 giant clubs.
Your fulminant prism crackles loudly.
Casting: Fulminant Prism (dangerous; 9% risk of failure)
Confirm with . or Enter, or press ? or * to list all spells.
You erupt in a blast of force!
The mystic blast hits the orc!
You kill the orc!
The orc wizard gestures at you while chanting.
The magic dart hits you.
Your fulminant prism explodes!
The blast of energy engulfs the orc wizard!!
You kill the orc wizard!
The blast of energy engulfs the two-headed ogre!!
The two-headed ogre is moderately wounded.
The blast of energy engulfs the orc!!
You kill the orc!
The blast of energy engulfs something!
Reactivating autopickup.
You feel a bit more experienced.
Casting: Iskenderun's Mystic Blast (dangerous; 9% risk of failure)
Confirm with . or Enter, or press ? or * to list all spells.
You erupt in a blast of force!
The mystic blast hits the centaur.
The centaur is moderately wounded.
The centaur is knocked back by the mystic blast.
The centaur shoots an arrow.
The arrow closely misses you.
Casting: Iskenderun's Mystic Blast (dangerous; 9% risk of failure)
Confirm with . or Enter, or press ? or * to list all spells.
You erupt in a blast of force!
The mystic blast hits the two-headed ogre!
The two-headed ogre is severely wounded.
The two-headed ogre is knocked back by the mystic blast.
* * * LOW HITPOINT WARNING * * *
The centaur shoots an arrow.
The arrow hits you!
* * * LOW HITPOINT WARNING * * *
The centaur shoots an arrow.
The arrow hits you!
* * * LOW HITPOINT WARNING * * *
The centaur shoots an arrow.
The arrow hits you!
* * * LOW HITPOINT WARNING * * *
The centaur unwields a +0 shortbow.
The centaur hits you but does no damage.
The centaur barely misses you.
You barely miss the centaur.
The centaur is moderately wounded.
The centaur hits you.
* * * LOW HITPOINT WARNING * * *
The centaur kicks you.
* * * LOW HITPOINT WARNING * * *
The centaur hits you.
You die...

. .... .....
..... #####
...... .....#
......#+##...#..
#...>.c......
#....@####..
#.....####...
#....O#≈≈#.#
##...)####.#
#...)# #...).
.......
#......).
#.~~~....


You could see a two-headed ogre and a centaur.

Vanquished Creatures
  Menkaure (D:4)
  Edmund (D:5)
  An orc warrior (D:6)
  An ice beast (D:5)
  A black bear (D:4)
  A gnoll sergeant (D:6)
  2 scorpions (D:5)
  3 howler monkeys (D:8)
  A jelly (D:5)
  3 hounds
  3 orc priests (D:3)
  Ijyb (D:4)
  3 iguanas
  6 orc wizards
  6 adders
  7 gnolls
  2 ufetubi (D:6)
  6 worms
  12 orcs
  5 bats
  An endoplasm (D:2)
  3 giant cockroaches (D:4)
  6 goblins
  3 hobgoblins
  2 jackals (D:4)
  6 quokkas
  5 ball pythons
  7 frilled lizards
  10 kobolds
  4 rats
113 creatures vanquished.

Vanquished Creatures (others)
  15 fulminant prisms
15 creatures vanquished.

Grand Total: 128 creatures vanquished

Notes
Turn   | Place    | Note
-------+----------+-------------------------------------------
     0 | D:1      | RascalDebosk the Djinni Conjurer began the quest for the
                  | Orb.
     0 | D:1      | RascalDebosk set off with the following spells memorised:
                  | Magic Dart, Searing Ray, Dazzling Flash, Fulminant Prism,
                  | Iskenderun's Mystic Blast.
     0 | D:1      | Reached XP level 1. HP: 15/15 MP: 0/0
   134 | D:1      | Found a faded altar of an unknown god.
   172 | D:1      | Found Roinir's Book Shop.
   177 | D:1      | Reached XP level 2. HP: 10/21 MP: 0/0
   690 | D:2      | Reached XP level 3. HP: 25/25 MP: 0/0
   690 | D:2      | Learned a level 1 spell: Kiss of Death
   771 | D:2      | Reached skill level 4 in Spellcasting
   859 | D:2      | Identified the ring "Xygh" {Ice Str+9 Int+3}
   964 | D:2      | Reached XP level 4. HP: 30/31 MP: 0/0
  1523 | D:3      | Found a snail-covered altar of Cheibriados.
  1529 | D:3      | Reached skill level 1 in Fighting
  1529 | D:3      | Reached skill level 1 in Evocations
  1529 | D:3      | Reached XP level 5. HP: 9/37 MP: 0/0
  1529 | D:3      | Learned a level 2 spell: Static Discharge
  1893 | D:3      | Reached skill level 5 in Spellcasting
  1893 | D:3      | Reached XP level 6. HP: 37/42 MP: 0/0
  2332 | D:4      | Noticed Ijyb
  2336 | D:4      | Killed Ijyb
  2455 | D:4      | Noticed a black bear
  2460 | D:4      | Killed a black bear
  2461 | D:4      | Reached XP level 7. HP: 48/49 MP: 0/0
  2461 | D:4      | Learned a level 2 spell: Call Imp
  2461 | D:4      | Noticed Menkaure
  2464 | D:4      | Killed Menkaure
  2668 | D:5      | Entered Level 5 of the Dungeon
  2711 | D:5      | Reached skill level 6 in Spellcasting
  2711 | D:5      | Reached XP level 8. HP: 52/56 MP: 0/0
  2992 | D:5      | Noticed Edmund
  3006 | D:5      | Killed Edmund
  3426 | D:6      | Reached skill level 7 in Spellcasting
  3504 | D:6      | You are sucked into a shaft and drop 3 floors!
  3510 | D:9      | Noticed a yak
  3512 | D:9      | Noticed a yak
  3520 | D:8      | Reached XP level 9. HP: 59/63 MP: 0/0
  3520 | D:8      | Learned a level 3 spell: Ozocubu's Armour
  3524 | D:8      | Noticed a two-headed ogre
  3530 | D:8      | HP: 3/64 [centaur/arrow (14)]
  3532 | D:8      | HP: 1/64 [centaur (1)]
  3532 | D:8      | Slain by a centaur

Illustrated notes

Levels and vault maps discovered:
D:1:      moated_graveyard_arrival, layout_basic,
          hellmonk_ecumenical_altar_pennies_from_heaven, serial_shops,
          nicolae_shop_crystal, nicolae_concentric_dashed_squares_wild,
          minmay_tree_intersection
D:2:      layout_basic, serial_bayou_pond_d, grunt_ministairs_10
D:3:      layout_basic, slow_altar_1, kennysheep_generic_room_11
D:4:      layout_basic, uniq_menkaure, uniq_ijyb
D:5:      layout_loops_ring, uniq_edmund
D:6:      layout_cave_pools, minmay_temple_entry_junction
D:8:      layout_basic, serial_aquarium, aquarium_bridge_long_separate
          [aquarium_subvault_wall, aquarium_subvault_window,
          aquarium_subvault_bridge, aquarium_subvault_bridge,
          aquarium_subvault_bridge, aquarium_subvault_bridge],
          aquarium_window_1, aquarium_window_fake, aquarium_window_corridor_1,
          aquarium_view_2b, aquarium_balcony_1b, uniq_joseph
D:9:      layout_rooms, gammafunk_ghost_grave, hangedman_glass_teeth,
          nicolae_benzene_ring, minivault_25

Skill      XL: |  1  2  3  4  5  6  7  8 |
---------------+-------------------------+-----
Spellcasting   | 4 5 6 7 |  7.2
Fighting       | 1 2 3 4 |  4.8
Evocations     | 1 2 3 4 |  4.0
Dodging        | |  2.1
Stealth        | |  1.5

Action                     |  1- 3 |  4- 6 |  7- 9 || total
---------------------------+-------+-------+-------++-------
  Melee: Short sword       |       |     1 |       ||     1
         Lajatang          |       |       |    13 ||    13
   Cast: Magic Dart        |    50 |    66 |    25 ||   141
         Searing Ray       |     3 |     7 |     6 ||    16
         Fulminant Prism   |       |     6 |     9 ||    15
         Iskenderun's Myst |       |     5 |    15 ||    20
         Call Imp          |       |       |     1 ||     1
 Armour: Robe              |     3 |     1 |     1 ||     5
         Scale mail        |       |       |     1 ||     1
  Dodge: Dodged            |     7 |     5 |    11 ||    23
